 Dungeon Crawl Stone Soup version 0.29.1-15-g9cfb28693d (webtiles) character file.

Game seed: 9633608294607350510

52 hawla the Firebug (level 4, -3/30 (33) HPs)
             Began as a Meteoran Fire Elementalist on Mar 9, 2023.
             Slain by a necrophage (5 damage)
             ... on level 3 of the Dungeon.
             The game lasted 00:03:09 (293 turns).

hawla the Firebug (Meteoran Fire Elementalist)       Turns: 293, Time: 00:03:10

HP:   -3/30 (33)    AC:  2    Str:  9    XL:     4   Next: 29%
MP:   1/10          EV: 12    Int: 19    God:
Gold: 65            SH:  0    Dex: 14    Spells: 6/9 levels left

rFire   . . .      SeeInvis .   (no weapon)
rCold   . . .      Faith    .   (no shield)
rNeg    . . .      Spirit   .   a - +0 robe
rPois   .          Reflect  .   (no helmet)
rElec   .          Harm     .   (no cloak)
rCorr   .          Rampage  .   (no gloves)
Will    .....                   (no boots)
Stlth   +.........              (no amulet)
HPRegen 0.10/turn               (no ring)
MPRegen 0.12/turn               (no ring)

@: attractive, glowing, drained
A: sense surroundings 1, otherworldly, glowing, explore regen
a: no special abilities


You were on level 3 of the Dungeon.
You visited 1 branch of the dungeon, and saw 3 of its levels.

You collected 65 gold pieces.

Inventory:

Armour
 a - a +0 robe (worn)
Scrolls
 b - a scroll of noise {unknown}
 d - a scroll of identify {unknown}
 f - a scroll of fear {unknown}
 g - a scroll of poison {unknown}
 h - 2 scrolls of magic mapping {unknown}
 j - a scroll of immolation {unknown}
Potions
 i - a potion of lignification {unknown}


   Skills:
 + Level 0.1 Fighting
 + Level 2.8 Dodging
 - Level 1.4 Stealth
 + Level 3.3 Spellcasting
 + Level 1.5 Conjurations
 + Level 4.8 Fire Magic


You had 6 spell levels left.
You knew the following spells:

 Your Spells              Type           Power      Damage    Failure   Level
a - Foxfire               Conj/Fire      60%        2x1d7     4%          1
b - Scorch                Fire           42%        2d7       3%          2

Your spell library contained the following spells:

 Spells                   Type           Power      Damage    Failure   Level
 Conjure Flame            Conj/Fire      15%        6-21      12%         3
 Inner Flame              Hex/Fire       12%        N/A       16%         3
 Flame Wave               Conj/Fire      15%        2d7       36%         4


Dungeon Overview and Level Annotations

Branches:
Dungeon (3/15) Zot: 1506

Altars:

Annotations:
D:3 Natasha


Innate Abilities, Weirdness & Mutations

You passively map a small area around you.
You are easily found by Zot.
You glow in the dark.
You regain HP and MP as you explore.


Message History

The foxfire hits the necrophage.
The necrophage is heavily damaged.
The foxfire hits the necrophage.
The necrophage is heavily damaged.
Natasha howls an incantation.
Natasha's front paws start to glow.
The necrophage hits you.
You feel drained.
Casting: Scorch (safe; 3% risk of failure)
Confirm with . or Enter, or press ? or * to list all spells.
Flames lash the white imp.
The white imp is burned terribly!
The white imp is severely wounded.
The white imp's fire resistance burns away.
The white imp disappears in a puff of smoke!
The necrophage closely misses you.
Casting: Scorch (safe; 3% risk of failure)
Confirm with . or Enter, or press ? or * to list all spells.
You don't know that spell.
Casting: Scorch (safe; 3% risk of failure)
Confirm with . or Enter, or press ? or * to list all spells.
You conjure some foxfire!
The necrophage hits you. The shadow imp hits you.
* * * LOW HITPOINT WARNING * * *
It was a potion of curing.
You feel better.
The foxfire hits the necrophage.
The necrophage is severely damaged.
The foxfire hits the necrophage.
The necrophage is almost destroyed.
Natasha claws you!
* * * LOW HITPOINT WARNING * * *
The shadow imp hits you.
* * * LOW HITPOINT WARNING * * *
The necrophage barely misses you.
You feel better. Natasha completely misses you. The shadow imp hits you.
* * * LOW HITPOINT WARNING * * *
The necrophage barely misses you.
It was a potion of attraction.
You feel attractive to monsters.
The shadow imp is no longer more vulnerable to fire.
Natasha claws you.
* * * LOW HITPOINT WARNING * * *
The necrophage hits you.
You die...

* ... , , #.#*, , *
#.#*, ##+## , ... ,
##...## #h####
##.....## #.##.##
##.......##
#.#.<.####.....5...#
#......5.'....5n@..+
,
###...####.....h...#
* ##..# ##.......##
##.# ##.....## #.#
##...## * #.# ##+##
* #.# ** * #.# ** *
,


You could see a necrophage, Natasha and 2 shadow imps.

Vanquished Creatures
  3 adders (D:2)
  A worm (D:2)
  A dart slug (D:2)
  3 endoplasms
  A goblin (D:2)
  5 hobgoblins
  2 jackals (D:2)
  A ball python (D:2)
  3 frilled lizards (D:2)
  A kobold (D:2)
21 creatures vanquished.

Vanquished Creatures (others)
  61 foxfires
61 creatures vanquished.

Grand Total: 82 creatures vanquished

Notes
Turn   | Place    | Note
-------+----------+-------------------------------------------
     0 | D:1      | hawla the Meteoran Fire Elementalist began the quest for
                  | the Orb.
     0 | D:1      | Reached XP level 1. HP: 14/14 MP: 5/5
    62 | D:1      | Found a faded altar of an unknown god.
    95 | D:2      | Reached XP level 2. HP: 20/20 MP: 1/6
    96 | D:2      | Reached skill level 4 in Fire Magic
   108 | D:2      | Learned a level 2 spell: Scorch
   119 | D:2      | Reached XP level 3. HP: 13/26 MP: 3/8
   242 | D:2      | Reached XP level 4. HP: 33/33 MP: 2/9
   263 | D:3      | Noticed a necrophage
   268 | D:3      | Noticed Natasha
   293 | D:3      | Slain by a necrophage

Illustrated notes

Levels and vault maps discovered:
D:1:      lemuel_arrival_rhombus, layout_basic, shapermc_ecumenical_altar_venn,
          minmay_small_reverse_x
D:2:      cheibrodos_old_hovel, layout_rooms
D:3:      minmay_recursive_quarters, layout_loops_corners,
          cheibrodos_sewer_entry_sluice, uniq_sigmund, uniq_natasha

Skill      XL: |  1  2 |
---------------+-------+-----
Spellcasting   | 3 |  3.3
Fire Magic     | 4 |  4.8
Fighting       | |  0.1
Dodging        | |  2.8
Stealth        | |  1.4
Conjurations   | |  1.5

Action                   |  1- 3 |  4- 6 || total
-------------------------+-------+-------++-------
Melee: Unarmed           |     6 |    11 ||    17
 Cast: Foxfire           |    26 |     7 ||    33
       Scorch            |     4 |     3 ||     7
  Use: Potion            |     1 |     3 ||     4
Armor: Robe              |     4 |     1 ||     5
Dodge: Dodged            |    14 |    13 ||    27
